Cogmind - Beta 16 @@@ ROGUE MODE // 2025.11.03 @ 23:30:59 Player: Naughtyusername Result: Destroyed by G-47 Trooper with Particle Gun Performance ------------- Evolutions (1) 500 Regions Visited (6) 1200 Robots Destroyed (109) 545 Value Destroyed (2604) 2604 Prototype IDs (32) 640 Alien Tech Used (0) 0 Bonus (84) 84 TOTAL SCORE: 5573 Bonus ------- High Alert Combat Kills 84 Cogmind --------- Core Integrity 0/400 Matter 239/300 Energy 258/280 System Corruption 0% Temperature Cool (74) Movement Walking (190) Ox1 Location -8/Mines Parts ------- > --- POWER (1) -------- Heavy Ion Engine > --- PROPULSION (3) --- Improved Treads Carbon-fiber Leg Carbon-fiber Leg > --- UTILITY (3) ------ Improved Heat Sink Improved Heat Sink High-capacity Storage Unit > --- WEAPON (2) ------- Advanced Beam Cannon Advanced Beam Cannon > --- INVENTORY (20) --- Heavy Ion Engine Micro Nuclear Core Flying Fortress v7 Transport Network Coupler Makeshift Transmission Jammer Hardened Light Armor Plating Hardened Medium Armor Plating Hardened Medium Armor Plating Hardened Medium Armor Plating Shield Generator Improved EM Pulse Cannon Gauss Rifle Grenade Launcher Rocket Launcher Remote Datajack Plasma Cutter Peak State ------------ > --- POWER ------------ Heavy Ion Engine > --- PROPULSION ------- Improved Treads Carbon-fiber Leg Carbon-fiber Leg > --- UTILITY ---------- Improved Heat Sink Improved Heat Sink High-capacity Storage Unit > --- WEAPON ----------- Advanced Beam Cannon Advanced Beam Cannon > --- INVENTORY -------- Heavy Ion Engine Micro Nuclear Core Flying Fortress v7 Transport Network Coupler Makeshift Transmission Jammer Hardened Light Armor Plating Hardened Medium Armor Plating Hardened Medium Armor Plating Hardened Medium Armor Plating Shield Generator Improved EM Pulse Cannon Advanced Beam Cannon Gauss Rifle Grenade Launcher Rocket Launcher Remote Datajack Plasma Cutter [Rating: 31] Favorites ----------- Power Heavy Ion Engine Engine Heavy Ion Engine Propulsion Light Treads Treads Light Treads Leg Carbon-fiber Leg Wheel Wheel Utility High-capacity Storage Unit Device Heat Sink Storage High-capacity Storage Unit Protection Hardened Light Armor Plating Weapon Advanced Beam Cannon Energy Gun Medium Laser Energy Cannon Advanced Beam Cannon Ballistic Gun Improved Assault Rifle Ballistic Cannon Assault Cannon Launcher Grenade Launcher Special Melee Weapon Improved Datajack Build | -11 -10 -10 -9 -9 -9 -8 ------- Run | Yrd Mat Min Mat Min Exi Min Slots Evolved 2 | . . . 2 . . . Power . | . . . . . . . Propulsion 1 | . . . 1 . . . Utility 1 | . . . 1 . . . Weapon . | . . . . . . . Parts Attached 58 | 7 11 1 27 4 4 4 Power 8 | 1 2 . 4 . 1 . Engine 8 | 1 2 . 4 . 1 . Core . | . . . . . . . Reactor . | . . . . . . . Propulsion 17 | 2 3 . 9 . 1 2 Treads 12 | 2 1 . 8 . 1 . Leg 2 | . . . . . . 2 Wheel 3 | . 2 . 1 . . . Hover . | . . . . . . . Flight . | . . . . . . . Utility 11 | 2 1 . 5 1 1 1 Device 5 | 1 . . 2 . 1 1 Storage 3 | 1 1 . 1 . . . Processor . | . . . . . . . Hackware . | . . . . . . . Protection 3 | . . . 2 1 . . Artifact . | . . . . . . . Weapon 22 | 2 5 1 9 3 1 1 Energy Gun 4 | 2 1 . 1 . . . Energy Cannon 6 | . . . 4 1 . 1 Ballistic Gun 5 | . 2 . 1 2 . . Ballistic Cannon 3 | . . . 3 . . . Launcher 2 | . 1 1 . . . . Special Weapon . | . . . . . . . Impact Weapon . | . . . . . . . Slashing Weapon . | . . . . . . . Piercing Weapon . | . . . . . . . Special Melee Weapon 2 | . 1 . . . 1 . Unidentified Prototypes 2 | . . . 2 . . . Parts Lost 22 | . 5 2 9 3 . 3 Power 2 | . 1 . 1 . . . Propulsion 9 | . 2 1 4 . . 2 Utility 1 | . . . . 1 . . Weapon 10 | . 2 1 4 2 . 1 Highest Loss Streak 3 | . 3 1 2 2 . 2 To Critical Strikes 1 | . . . 1 . . . Average Backups 15 | . 5 7 17 18 17 16 Power 1 | . . 1 2 2 2 2 Propulsion . | . . 1 . 1 1 1 Utility 5 | . . 1 6 7 6 7 Weapon 5 | . 2 2 6 5 6 4 Tool/Special . | . . . . . . . Unused Backups 25 | . . . 8 . 3 14 Power 4 | . . . 2 . . 2 Propulsion 1 | . . . . . . 1 Utility 11 | . . . 2 . 3 6 Weapon 7 | . . . 4 . . 3 Tool/Special 2 | . . . . . . 2 Average Slot Usage (%) 95 | . 87 93 94 99 100 98 Engine 11 | . 14 14 10 11 11 11 Treads 26 | . 20 14 25 33 33 13 Leg 1 | . . . . . . 18 Wheel 2 | . 7 13 3 . . . Device 9 | . 3 9 11 11 11 12 Storage 11 | . 14 14 11 11 11 11 Protection 8 | . . . 10 11 11 9 Energy Gun 3 | . 14 14 . . . . Energy Cannon 8 | . . . 8 8 11 21 Ballistic Gun 5 | . 13 . . 10 5 . Ballistic Cannon 4 | . . . 11 2 . . Peak Build Rating 31 | 7 7 7 23 23 27 31 Average Rating 18 | 5 6 6 18 22 24 29 On Entrance 13 | . 7 6 7 22 23 27 Avg Prop Armor Cover (%) 10 | . 13 12 13 7 7 8 Naked Turns . | . . . . . . . Heaviest Build 64 | 13 17 20 64 64 62 62 Greatest Support 66 | 40 40 10 66 66 43 30 Greatest Overweight (x) 19 | . 1 1 5 1 1 19 Average Overweight (x) . | . . 1 1 . 1 2 Largest Inventory Capacity 20 | 8 10 10 20 20 20 20 Average Capacity 17 | 7 8 10 18 20 20 20 Most Carried 20 | 1 9 9 20 20 20 20 Average Carried 15 | . 5 7 17 18 19 19 Final Capacity 20 | 8 10 10 20 20 20 20 Final Carried 20 | 1 8 7 20 20 20 19 Class Distribution -------------------- 77% | Mutant 22% | Scavenger-Mutant Dominant Class ---------------- Mutant | -10/Materials Scavenger-Mutant | -10/Mines Mutant | -9/Materials Mutant | -9/Mines Mutant | -9/Exiles Mutant | -8/Mines Resources | -11 -10 -10 -9 -9 -9 -8 ----------- Run | Yrd Mat Min Mat Min Exi Min Matter Collected 2023 | 197 289 34 1113 256 60 74 Remotely . | . . . . . . . Salvage Created 3175 | 18 663 99 1501 407 135 352 Parts 207 | 5 47 9 96 31 11 8 Haulers Intercepted 8 | . 2 . 6 . . . Recyclers Shooed 2 | . . . 2 . . . Parts Field Recycled . | . . . . . . . Retrieved Matter . | . . . . . . . Parts Self-Destructed . | . . . . . . . Prevented . | . . . . . . . Parts Restored . | . . . . . . . Kills | -11 -10 -10 -9 -9 -9 -8 ------- Run | Yrd Mat Min Mat Min Exi Min Combat Hostiles Destroyed 88 | . 15 8 43 15 . 7 Guns 22 | . 14 . . 8 . . Cannons 37 | . . . 26 7 . 4 AOE 27 | . 1 8 15 . . 3 Classes Destroyed 12 | 1 5 . 3 1 . 2 Worker 4 | . 3 1 . . . . Builder 5 | . 1 . 1 3 . . Tunneler 2 | 1 . . 1 . . . Hauler 8 | . 2 . 6 . . . Recycler 1 | . . . . . . 1 Operator 2 | . . . 2 . . . Watcher 2 | . . . 2 . . . Swarmer 29 | . 6 6 13 4 . . Grunt 45 | . 9 2 20 8 . 6 Brawler 1 | . . . . . . 1 Sentry 10 | . . . 10 . . . Assembled 3 | . . . . 3 . . Best Kill Streak 9 | 1 6 4 9 5 . 3 Combat Bots Only 8 | . 3 3 8 4 . 3 Max Kills in Single Turn 4 | 1 2 2 4 1 . 2 Gunslinging . | . . . . . . . Exploded 4 | . 1 2 4 . . 2 Melee . | . . . . . . . Uniques/NPCs Destroyed . | . . . . . . . Combat | -11 -10 -10 -9 -9 -9 -8 -------- Run | Yrd Mat Min Mat Min Exi Min Hostile Shots Fired 400 | . 91 12 187 55 . 55 Missed 105 | . 15 2 62 13 . 13 Hits 295 | . 76 10 125 42 . 42 Projectile 295 | . 76 10 125 42 . 42 Critical Strikes 8 | . 1 . 2 1 . 4 Part Disruptions 1 | . . . . 1 . . Damage Taken 3663 | . 747 168 1596 471 . 681 Core 612 | . 162 35 290 29 . 96 Absorbed by Shields . | . . . . . . . Redirected to Shielding 17 | . . . 17 . . . Core Remaining (%) 60 | 100 . 21 . . . . Volleys Fired 283 | 1 73 10 111 58 5 25 Largest 2 | 2 2 2 2 2 2 2 Hottest 136 | 90 90 60 136 91 136 136 Shots Fired 515 | 2 142 11 206 99 10 45 Gun 208 | 2 141 3 9 53 . . Cannon 276 | . . . 182 46 10 38 Launcher 31 | . 1 8 15 . . 7 Special . | . . . . . . . Kinetic 246 | . 78 1 105 62 . . Thermal 231 | 1 57 2 86 37 10 38 Explosive 31 | . 1 8 15 . . 7 Electromagnetic 7 | 1 6 . . . . . Robot Hit Streak 15 | 1 13 4 15 11 8 10 Robot Miss Streak 8 | 1 8 1 8 4 1 2 Penetration Max . | . . . . . . . Secondary Targets 2 | . 1 . . 1 . . Max Gunslinging Chain 1 | . 1 . . 1 . . Shots Hit Robots 296 | 1 84 4 116 48 13 30 Core Hits 156 | 1 37 12 64 21 4 17 Critical Kills 2 | . 1 . 1 . . . Critical Parts Destroyed 1 | . 1 . . . . . Critical Strikes 7 | . 5 . 2 . . . Burn 3 | . 3 . . . . . Meltdown 1 | . . . 1 . . . Destroy 2 | . 2 . . . . . Blast 1 | . . . 1 . . . Melee Attacks 6 | . . . . . 6 . Impact . | . . . . . . . Slashing . | . . . . . . . Piercing . | . . . . . . . Sneak Attacks 4 | . . . . . 4 . Combat Hostiles . | . . . . . . . Follow-up Attacks . | . . . . . . . Damage Inflicted 6862 | 13 968 544 3383 852 175 927 Guns 1444 | 13 884 20 90 437 . . Cannons 3337 | . . . 2249 362 175 551 Explosions 1898 | . 76 524 922 . . 376 Melee . | . . . . . . . Ramming 183 | . 8 . 122 53 . . Kinetic 2179 | . 407 10 1188 574 . . Thermal 2600 | . 488 10 1151 225 175 551 Explosive 1853 | . 31 524 922 . . 376 Electromagnetic 47 | 13 34 . . . . . Impact . | . . . . . . . Slashing . | . . . . . . . Piercing . | . . . . . . . Highest Corruption . | . . . . . . . Average Corruption . | . . . . . . . Corruption Purged . | . . . . . . . Corruption Blocked . | . . . . . . . Overload Shots . | . . . . . . . Overflow Damage 61 | . . 23 38 . . . Projectiles . | . . . . . . . Explosions 55 | . . 23 32 . . . Melee 6 | . . . 6 . . . Knockbacks 5 | . . . 4 1 . . Impact 1 | . . . 1 . . . Kinetic 4 | . . . 3 1 . . Secondary . | . . . . . . . Self-Inflicted Damage 94 | . 3 86 5 . . . Shots 5 | . . 4 1 . . . Rammed 17 | . 2 . 13 2 . . Targets Rammed 20 | . 2 . 14 4 . . Kicked . | . . . . . . . Crushed 3 | . . . 1 2 . . Highest Temperature 578 | 30 230 26 578 134 110 492 Average Temperature 95 | 18 66 14 124 35 50 204 Received Heat Transfer 1490 | . 246 21 534 239 . 450 Effects 19 | . . . 16 . . 3 Shutdowns 1 | . . . . . . 1 Energy Bleed 2 | . . . . . . 2 Interference 8 | . . . 8 . . . Matter Decay 3 | . . . 3 . . . Short Circuit 1 | . . . 1 . . . Damage (minor) 1 | . . . 1 . . . Damage (major) 2 | . . . 2 . . . Damage (core) 1 | . . . 1 . . . Siege Activations . | . . . . . . . Martial Activations . | . . . . . . . Shielding Activations . | . . . . . . . Robots Disrupted . | . . . . . . . Combat Hostiles . | . . . . . . . Robots Corrupted 1 | . . . 1 . . . Combat Hostiles . | . . . . . . . Parts Fried 1 | . . . 1 . . . Impact Corruptions 1 | . . . 1 . . . Robots Melted 2 | . . . 2 . . . Combat Hostiles 2 | . . . 2 . . . Parts Melted 14 | . . . 11 . . 3 Heat Transferred 5319 | . 1520 25 2072 407 296 999 Parts Sabotaged . | . . . . . . . Parts Stolen . | . . . . . . . Parts Stripped . | . . . . . . . Power Chain Reactions 1 | . 1 . . . . . Alert | -11 -10 -10 -9 -9 -9 -8 ------- Run | Yrd Mat Min Mat Min Exi Min Maximum Alert Level 2 | . . . 2 1 . . Low Security (%) 52 | 100 100 100 6 67 . 100 Level 1 38 | . . . 72 32 . . Level 2 8 | . . . 20 . . . Level 3 . | . . . . . . . Level 4 . | . . . . . . . Level 5 . | . . . . . . . High Security . | . . . . . . . Max Security . | . . . . . . . Peak Influence 609 | 5 117 192 609 270 . 73 Initial 232 | . . 39 59 232 . . Average 191 | . 44 140 335 135 . 15 Influence Increases 2719 | 5 530 253 1424 303 5 199 Destroy 0b10 Robot/C 1700 | . 300 160 860 240 . 140 Destroy 0b10 Robot/NC 125 | 5 30 5 60 15 5 5 Destroy Leader 410 | . 84 30 236 30 . 30 Allied During Kill 1 | . . . . . . 1 Successful Hack 56 | . 21 . 35 . . . Select Force Hacks 150 | . 60 . 90 . . . Disable Machine 30 | . . 15 15 . . . Destroy Structure 172 | . 5 43 98 3 . 23 Lose Combat Pursuer 75 | . 30 . 30 15 . . Influence Decreases 2676 | 5 429 202 979 900 5 156 Entered New Map 520 | . . 62 93 365 . . Time Decay 1766 | 5 379 120 646 505 5 106 Lost Part 220 | . 50 20 90 30 . 30 Lost Ally 20 | . . . . . . 20 Purge Threat 150 | . . . 150 . . . Squads Dispatched 16 | . 5 . 10 1 . . Investigation 11 | . 3 . 7 1 . . Extermination . | . . . . . . . Reinforcement 5 | . 2 . 3 . . . Assault . | . . . . . . . Garrison . | . . . . . . . Intercept . | . . . . . . . Searches Triggered . | . . . . . . . Construction Impeded 1 | . . . 1 . . . Haulers Reinforced . | . . . . . . . Active Scanning Responses . | . . . . . . . Cargo Convoy Interrupts . | . . . . . . . Stealth | -11 -10 -10 -9 -9 -9 -8 --------- Run | Yrd Mat Min Mat Min Exi Min Distress Signals 7 | . 4 . 3 . . . Communications Jammed . | . . . . . . . Distress Signals . | . . . . . . . Times Spotted 132 | . 34 14 59 16 . 9 Peak Tracking Total 20 | . 7 20 7 4 . 3 Tactical Retreats 6 | . 2 1 2 1 . . Traps | -11 -10 -10 -9 -9 -9 -8 ------- Run | Yrd Mat Min Mat Min Exi Min Traps Triggered 9 | . 2 . 7 . . . Indirectly . | . . . . . . . Trap Hack Attempts . | . . . . . . . Triggered . | . . . . . . . Disarmed . | . . . . . . . Reprogrammed . | . . . . . . . Reused . | . . . . . . . Traps Extracted . | . . . . . . . Installed . | . . . . . . . Triggered . | . . . . . . . Machines | -11 -10 -10 -9 -9 -9 -8 ---------- Run | Yrd Mat Min Mat Min Exi Min Machines Disabled 2 | . . 1 1 . . . Max in Single Turn 1 | . . 1 1 . . . Machines Repaired . | . . . . . . . Machines Dismantled . | . . . . . . . Machines Sabotaged . | . . . . . . . Overloaded Fab Kills . | . . . . . . . Hacking | -11 -10 -10 -9 -9 -9 -8 --------- Run | Yrd Mat Min Mat Min Exi Min Machines Accessed 26 | . 9 . 14 1 2 . Terminals 17 | . 7 . 10 . . . Fabricators . | . . . . . . . Repair Stations . | . . . . . . . Recycling Units 4 | . 2 . 2 . . . Scanalyzers 2 | . . . 2 . . . Garrison Access . | . . . . . . . Total Hacks 76 | . 25 . 48 1 2 . Successful 48 | . 17 . 28 1 2 . Failed 28 | . 8 . 20 . . . Catastrophic 2 | . . . 2 . . . Database Lockouts . | . . . . . . . Manual 51 | . 18 . 32 . 1 . Terminals 57 | . 21 . 36 . . . Fabricators . | . . . . . . . Repair Stations . | . . . . . . . Recycling Units 9 | . 4 . 5 . . . Scanalyzers 7 | . . . 7 . . . Garrison Access . | . . . . . . . Terminal Hacks 15 | . 5 . 7 1 2 . Record 2 | . . . 1 . 1 . Prototype ID Bank 4 | . 2 . 2 . . . Open Door 1 | . . . . 1 . . Branch Access Points 1 | . . . 1 . . . Terminal Index 2 | . 2 . . . . . Alert Level 1 | . . . 1 . . . Unreport Threat 1 | . . . 1 . . . Hauler Manifests 2 | . 1 . 1 . . . Proto ID Catalog 1 | . . . . . 1 . Fabricator Hacks . | . . . . . . . Repair Station Hacks . | . . . . . . . Recycling Unit Hacks 1 | . 1 . . . . . Retrieve Components 1 | . 1 . . . . . Scanalyzer 5 | . . . 5 . . . Insert Component 1 | . . . 1 . . . Analyze 1 | . . . 1 . . . Retrieve Study 3 | . . . 3 . . . Garrison Access Hacks . | . . . . . . . Unauthorized Hacks 27 | . 11 . 16 . . . Terminals 22 | . 9 . 13 . . . Track 1 | . . . 1 . . . Botnet 7 | . 3 . 4 . . . Operators 1 | . . . 1 . . . Skim 13 | . 6 . 7 . . . Fabricators . | . . . . . . . Repair Stations . | . . . . . . . Recycling Units 4 | . 2 . 2 . . . Tunnel 4 | . 2 . 2 . . . Scanalyzers 1 | . . . 1 . . . Extract 1 | . . . 1 . . . Garrison Access . | . . . . . . . Data Cores Recovered . | . . . . . . . Used . | . . . . . . . Hacking Detections 20 | . 8 . 12 . . . Full Trace Events 4 | . . . 4 . . . Feedback Events . | . . . . . . . Feedback Blocked . | . . . . . . . Robot Schematics Acquired . | . . . . . . . Robots Built . | . . . . . . . Authchips . | . . . . . . . Time . | . . . . . . . Total Robot Build Rating . | . . . . . . . Part Schematics Acquired 3 | . . . 3 . . . Parts Built . | . . . . . . . Authchips . | . . . . . . . Time . | . . . . . . . Total Part Build Rating . | . . . . . . . Part Studies Acquired 3 | . . . 3 . . . Parts Repaired . | . . . . . . . Time . | . . . . . . . Parts Recycled . | . . . . . . . Recycled Matter . | . . . . . . . Retrieved Matter . | . . . . . . . Retrieved Components 1 | . 1 . . . . . Parts Scanalyzed 1 | . . . 1 . . . Part Schematics Acquired 1 | . . . 1 . . . Parts Damaged . | . . . . . . . Bothacking | -11 -10 -10 -9 -9 -9 -8 ------------ Run | Yrd Mat Min Mat Min Exi Min Used RIF Installer . | . . . . . . . Robots Hacked 1 | . . . . . 1 . Non-combat . | . . . . . . . Combat 1 | . . . . . 1 . Robot Hacks Applied 1 | . . . . . 1 . parse_system 1 | . . . . . 1 . Relay Couplers Released . | . . . . . . . Fabnet Peak Effective % . | . . . . . . . Robots Rewired 3 | . . . . . 3 . Allies Hacked . | . . . . . . . Hacks Repelled . | . . . . . . . Allies | -11 -10 -10 -9 -9 -9 -8 -------- Run | Yrd Mat Min Mat Min Exi Min Total Allies 5 | . . . . 2 3 . Largest Group 3 | . . . . 2 3 1 Highest-Rated Group 52 | . . . . 52 52 8 Highest-Rated Ally 31 | . . . . 31 31 8 Total Orders . | . . . . . . . Ally Attacks 7 | . . . . . . 7 Total Damage 80 | . . . . . . 80 Kills . | . . . . . . . Allies Corrupted . | . . . . . . . Allies Melted . | . . . . . . . Intel | -11 -10 -10 -9 -9 -9 -8 ------- Run | Yrd Mat Min Mat Min Exi Min Active Infowar (turns) 715 | 16 248 186 265 . . . Seismic 715 | 16 248 186 265 . . . Robot Analysis Total . | . . . . . . . Derelict Logs Recovered 4 | . . 2 . 2 . . Drone Launches . | . . . . . . . Drone Recoveries . | . . . . . . . Exploration | -11 -10 -10 -9 -9 -9 -8 ------------- Run | Yrd Mat Min Mat Min Exi Min Turns Passed 6691 | 93 1086 258 2359 1451 1068 376 Spaces Moved 3318 | 52 689 242 1109 651 462 113 Core 4 | 3 . . . . . 1 Treads 2215 | 49 280 . 773 651 462 . Legs 112 | . . . . . . 112 Wheels 987 | . 409 242 336 . . . Hover . | . . . . . . . Flight . | . . . . . . . Fastest Speed 50 | 50 95 95 80 160 220 190 Average Speed 166 | 153 121 95 161 195 220 262 Slowest Speed 1000 | 160 160 95 240 220 220 1000 Overloaded Moves . | . . . . . . . Propulsion Burnouts . | . . . . . . . Robots Hopped . | . . . . . . . Potential Cave-ins . | . . . . . . . Cave-ins Triggered . | . . . . . . . Exploration Rate (%) 68 | 4 98 53 97 98 90 36 Regions Visited 6 Branch Regions 4 Pre-discovered Areas 8 | . 3 . 3 1 1 . Known Exits Taken 3 | . 1 1 1 . . . Unknown Exits Taken 3 | 1 . . . 1 1 . Scrap Searched 1 | . . . . 1 . . Spaces Dug 32 | . . 29 3 . . . Terrain Destroyed 222 | . 5 62 109 3 . 43 Melee . | . . . . . . . Projectile 30 | . . . 27 3 . . AOE 192 | . 5 62 82 . . 43 Terrain Rammed . | . . . . . . . Walls Destroyed . | . . . . . . . Machines Disabled . | . . . . . . . Actions | -11 -10 -10 -9 -9 -9 -8 --------- Run | Yrd Mat Min Mat Min Exi Min Total 3968 | 60 808 259 1454 729 512 146 Wait 143 | . 16 . 115 10 2 . Move 3312 | 51 688 241 1108 650 461 113 Hop . | . . . . . . . Pick Up 56 | 1 10 2 32 3 8 . Fast Attach 31 | 7 5 . 17 . . 2 Attach 17 | . 4 4 5 3 . 1 Detach 4 | . 2 1 1 . . . Swap 44 | . 6 1 25 1 6 5 Drop 41 | . 2 . 26 . 13 . Fire 283 | 1 73 10 111 58 5 25 Melee 6 | . . . . . 6 . Ram 2 | . 2 . . . . . Kick . | . . . . . . . Crush 18 | . . . 14 4 . . Escape Stasis . | . . . . . . . Rewire 11 | . . . . . 11 . Trap . | . . . . . . . Miscellaneous . | . . . . . . . Route ------- -11/Scrapyard -10/Materials (discovered 6 exits: *Mat x3 / *Min x2 / Sub) -10/Mines (discovered 3 exits: *Mat x2 / Sub) -9/Materials (discovered 5 exits: *Mat x3 / *Min x2) -9/Mines (discovered 3 exits: *Mat x2 / *Exi) -9/Exiles -8/Mines History --------- Turn | Location | Event 4 | -11/Scrapyard | Discovered new exit (range 16) 94 | -11/Scrapyard | Entered Materials 304 | -10/Materials | Build established: Mutant 398 | -10/Materials | Discovered new exit (range 8) 467 | -10/Materials | Discovered new exit (range 16) 824 | -10/Materials | Discovered new exit (range 11) 880 | -10/Materials | Learned Storage terminal intel 912 | -10/Materials | Lost 3 parts (1p1n1w) 915 | -10/Materials | Identified exit to Mines 915 | -10/Materials | Identified exit to Materials 915 | -10/Materials | Identified exit to Subcaves 932 | -10/Materials | Core integrity fell below 50% 941 | -10/Materials | Learned location of 2 exits from Mines 962 | -10/Materials | Learned location of 1 exit from Materials 963 | -10/Materials | Learned location of Recycling (-8) 964 | -10/Materials | Learned location of 1 exit from Storage 969 | -10/Materials | Learned 4 Recycling zone layouts 1166 | -10/Materials | Build established: Scavenger-Mutant 1180 | -10/Materials | Entered Mines 1205 | -10/Mines | Discovered exit to Materials (range 10) 1352 | -10/Mines | Learned Materials emergency access door positions 1353 | -10/Mines | Learned Materials garrison access intel 1416 | -10/Mines | Assembled infested the area 1421 | -10/Mines | Assisted by a Guerilla fighting off Assembled 1438 | -10/Mines | Entered Materials 1438 | -9/Materials | Evolved 2 slots: Propulsion x1, Utility x1 1439 | -9/Materials | Identified exit to Mines 1440 | -9/Materials | Identified exit to Materials 1938 | -9/Materials | Discovered exit to Materials (range 8) 2312 | -9/Materials | Build established: Mutant 2536 | -9/Materials | Core integrity fell below 50% 2762 | -9/Materials | Build established: Scavenger-Mutant 2976 | -9/Materials | Destroyed 8 combat bots 2984 | -9/Materials | Discovered exit to Materials (range 15) 3227 | -9/Materials | Build established: Mutant 3580 | -9/Materials | Loaded intel: 11 terminal locations 3648 | -9/Materials | Learned 2 Storage zone layouts 3698 | -9/Materials | Learned location of 2 exits from Materials 3791 | -9/Materials | Learned 2 Storage zone layouts 3797 | -9/Materials | Entered Mines 3809 | -9/Mines | Met a Derelict bent on vengeance 3845 | -9/Mines | Learned Materials security intel 4008 | -9/Mines | Deemed a non-threat by the Exiles lab entrance 4010 | -9/Mines | Discovered new exit (range 5) 4128 | -9/Mines | Excavation squad dispatched 4128 | -9/Mines | A large section of the Mines collapsed 4460 | -9/Mines | Learned location of Storage (-8) 4796 | -9/Mines | Met a Derelict shopkeep closing up shop 5248 | -9/Mines | Entered Exiles 5248 | -9/Exiles | Found Exiles lab destroyed 5248 | -9/Exiles | Accompanied by 2 allies 5278 | -9/Exiles | Led the pair of lost Derelicts to a safe place 5485 | -9/Exiles | Opened EX-Vault 5498 | -9/Exiles | Found Flying Fortress v7 5683 | -9/Exiles | Learned location of Zion (-6) 6295 | -9/Exiles | Discovered new exit (range 10) 6316 | -9/Exiles | Entered Mines 6316 | -8/Mines | Accompanied by 3 allies 6329 | -8/Mines | Core integrity fell below 20% 6361 | -8/Mines | Lost 3 allies 6692 | -8/Mines | Destroyed by G-47 Trooper with Particle Gun Last Messages --------------- 06590_ U-05 Engineer lays Concrete. 06592_ Acquired 44 matter. 06593_ U-05 Engineer lays Concrete. 06594_ K-01 Serf collects debris. 06595_ The unstable cave ceiling collapses. 06595_ U-05 Engineer lays Concrete. 06598_ The unstable cave ceiling collapses. 06598_ U-05 Engineer lays Concrete. 06598_ K-01 Serf collects debris. 06599_ U-05 Engineer lays Concrete. 06601_ U-05 Engineer builds a Wall. 06605_ U-05 Engineer lays Concrete. 06606_ U-05 Engineer builds a Wall. 06611_ The unstable cave ceiling collapses. 06614_ K-01 Serf collects debris. 06615_ U-05 Engineer lays Concrete. 06617_ U-05 Engineer builds a Wall. 06617_ K-01 Serf collects debris. 06691_ Lgt. Armor Plating melted. 06691_ B-36 Bruiser destroyed. Map ----- +----------------------------------------------------+ | ??????????# #??????????????????????????????????? | | ?????????? #??????????????????????????????????? | | #####???? #??????????????????????????????????? | | # ####?? #??????????????????????????????????? | | # #? #??????????????????????????????????? | | # # ## ##?????????????????????????????????? | | ## ###???????????????????????????????? | | ## #???????????????????????????????? | | # ## ???????????????????????????????? | | # #???????????????????????????????? | | ## #????????????????????????????????????? | | ##?? ????????????#?????????????????????????? | | #???# ???????????? ?????????????????????????? | | ##??# ???????????# #????????????????????????? | | #??# ###????????# #????????????????????????? | | ##?# #????????# #????????????????????????? | | # #### #????????# #????????????????????????? | | # ##???????# #????????????????????????? | | ## ##### ##??????# #????????????????????????? | | #######??## ######## #????????????????????????? | | #????????# ###??????????????????????? | | #????????# ######### k #??????????????????????? | | #????????## #???????### #????#?????????????????? | | #?????????# ##????????# ### #######???????????? | | ######????# ###?????## = t g ????????? | | ## #????## ##????# @ % g ????????? | | ## ##????## ! ###### # ##???????????? | | #?# ####??# % % t ###? #####????????????? | | #?# #??# % %=##########?????????????????????? | | #?# ## ####% %##??????????????????????????????? | | ??# ## ##???????????????????????????????? | | ??# ###########????????????????????????????????? | | ??# #?????????????????????????????????????????? | | ### ###?????????????????????????????????????????? | | #???????????????????????????????????????????? | | ### #???????????????????????????????????????????? | | ### #???????????????????????????????????????????? | | #???????????????????????????????????????????? | | ######???????????????????????????????????????????? | | ?????????????????????????????????????????????????? | | ?????????????????????????????????????????????????? | | ?????????????????????????????????????????????????? | | ?????????????????????????????????????????????????? | | ?????????????????????????????????????????????????? | | ?????????????????????????????????????????????????? | | ?????????????????????????????????????????????????? | | ?????????????????????????????????????????????????? | | | | | | | +----------------------------------------------------+ Best States ------------- Heat Dissipation 56 Energy Generation 14 Energy Capacity 280 Matter Stores 300 Matter Capacity 300 Sight Range 16 Terrain Scan Density 10 Armor Coverage 150 Utility Shielding 33 Evasion (%) 44 Recoil Reduction 3 Item Schematics ----------------- Plasma Cutter | -9/Materials | Scanalyzed Field Recycling Unit | -9/Materials | Extracted Adv. Beam Cannon | -9/Materials | Extracted Robot Schematics ------------------ None Fabricated ------------ Nothing Repaired ---------- Nothing Studied --------- Imp. Light Cannon | -9/Materials | Hacked Lgt. Treads | -9/Materials | Hacked Grenade Launcher | -9/Materials | Hacked Alien Tech Used ----------------- None Achievements -------------- None Challenges ------------ None Game ------ Seed WeaponsGodClaws Manual? 0 Play Time 00:27:34 Cumulative 497.2 hours Start 2025.11.03 @ 22:42:08 End 2025.11.03 @ 23:30:59 Sessions 2 Manual Loads 0 Difficulty Rogue Special Mode None Game No. 263 Rogue 263 Adventurer 0 Explorer 0 Win Type - Total 22 Types 13/1/5/1/0/0/0/1/1/0 Lore% 94 Gallery% 87 Achievement% 79 Wizard Run 0 Options --------- Layout 2 ASCII 0 Keyboard 1 Movement Vi Keybinds 0 Fullscreen 1 Font 28/Cog Map View 50x52 Zoom Use 0% Tactical HUD 1 Map Filters NONE Filters NONE Steam 1 RUN: f2e77912-05dd-4dbd-ac76-55498c658d68